 Dungeon Crawl Stone Soup version 0.29-a0-11-ga75d3d97ab (webtiles) character file.

Game seed: 14706516516631984765

29 robertstho the Sneak (level 3, 0/16 HPs)
             Began as a Spriggan Earth Elementalist on Jan 28, 2022.
             Slain by a quokka (3 damage)
             ... on level 2 of the Dungeon.
             The game lasted 00:03:10 (2109 turns).

robertstho the Sneak (Spriggan Earth Elementalist)  Turns: 2109, Time: 00:03:11

Health: 0/16       AC:  2    Str:  4    XL:     3   Next: 1%
Magic:  9/9        EV: 17    Int: 18    God:
Gold:   54         SH:  0    Dex: 15    Spells: 3/9 levels left

rFire   . . .      SeeInvis +   d - +0 short sword
rCold   . . .      Faith    .   (no shield)
rNeg    . . .      Spirit   .   b - +0 robe
rPois   .          Reflect  .   (helmet restricted)
rElec   .          Harm     .   (no cloak)
rCorr   .          Rampage  .   (gloves unavailable)
Will    .....                   (boots unavailable)
Stlth   ++........              (no amulet)
HPRegen 0.05/turn               (no ring)
MPRegen 0.11/turn               (no ring)

@: very quick
A: very small, no large weapons, unfitting armour, see invisible, speed 3
a: no special abilities


You were on level 2 of the Dungeon.
You visited 1 branch of the dungeon, and saw 2 of its levels.

You collected 54 gold pieces.

Inventory:

Hand Weapons
 d - a +0 short sword (weapon)
Armour
 b - a +0 robe (worn)
Jewellery
 e - a ring of flight
Scrolls
 f - a scroll of noise {unknown}
Potions
 a - a potion of ambrosia {unknown}
 c - a potion of curing {unknown}
 g - a potion of heal wounds {unknown}


   Skills:
 * Level 0.1 Fighting
 + Level 2.9 Dodging
 * Level 3.6 Stealth
 * Level 3.5 Spellcasting
 + Level 1.3 Transmutations
 + Level 3.0 Earth Magic


You had 3 spell levels left.
You knew the following spells:

 Your Spells              Type           Power      Damage    Failure   Level
a - Sandblast             Erth           28%        2d8       4%          1
b - Passwall              Tmut/Erth      9%         N/A       10%         2
c - Stone Arrow           Conj/Erth      16%        3d8       26%         3

Your spell library contained the following spells:

 Spells                   Type           Power      Damage    Failure   Level
 Petrify                  Tmut/Erth      11%        N/A       52%         4


Dungeon Overview and Level Annotations

Branches:
Dungeon (2/15)

Altars:

Annotations:
D:2 Natasha, Robin


Innate Abilities, Weirdness & Mutations

You are very small and have problems with some larger weapons.
You are too small for most types of armour.
You have supernaturally acute eyesight. (SInv)
You cover ground extremely quickly. (Speed+++)


Message History

The ball python hisses angrily.
A hobgoblin comes into view.
The ball python barely misses you.
The ball python completely misses you. 2 goblins and a frilled lizard come into view.
The goblin shouts!
You hear a shout! x3
A goblin comes into view. It is wielding a +0 club.
A hobgoblin comes into view.
The goblin moves out of view.
Robin, 2 goblins and a quokka come into view.
Found a blackened coral ring.
The goblin shouts! x2
The ball python closely misses you. The ball python misses you.
A goblin comes into view. It is wielding a +0 club.
You hear a shout!
A goblin comes into view. It is wielding a +0 club.
You hear a shout!
The hobgoblin shouts!
A goblin comes into view. It is wielding a +0 club.
The frilled lizard hisses angrily.
A goblin comes into view. It is wielding a +0 club.
Robin roars a battlecry!
The goblins go into a battle-frenzy!
You hear a shout!
A worm and a dart slug come into view.
The dart slug launches a dart at you. The slug dart misses you.
The slug dart misses the quokka.
The slug dart hits the frilled lizard.
The frilled lizard dies!
You see here a ring of flight.
e - a ring of flight The quokka barely misses you.
The adder barely misses you. Robin throws the goblin at you!
The quokka bites you but does no damage.
The goblin hits you with a +0 dagger.
The goblin shouts!
A quokka comes into view.
You hit the quokka but do no damage. The quokka bites you.
* * * LOW HITPOINT WARNING * * *
The quokka misses you.
You completely miss the quokka. The quokka bites you.
You die...

.......... ##
##.#.# ..........
##.## ##.#.
≈......... ##
##.#.## ##.#
≈........ ##.
##$#.#.## ##.
≈≈.....# ##.#
##.#...#.# ## ≈
#.#.##.#.##?()[# #
≈ #.#.##.#.##.#.l.
## §≈
#r#.##.#.##h#.# ##.
§≈.
#@#.##.#.##.#.##.#
≈..
##.#.##.#.##g##.#.
≈..
##.#.##.#.###.#.#
........
##.#.##.#.#.#.##
.........g...
##.#.##.#.#.##
...........g..
##.#.##.#.##
........g.g...
##.#.##.##
.......g....#######
##.#.###
.......g..........#
##...#


You could see a quokka.

Vanquished Creatures
  A worm (D:2)
  3 ball pythons
  4 endoplasms
  3 giant cockroaches
  4 goblins (D:1)
  A hobgoblin (D:1)
  2 kobolds (D:1)
  2 bats (D:1)
  2 frilled lizards (D:1)
22 creatures vanquished.

Vanquished Creatures (others)
  A frilled lizard (D:2)
1 creature vanquished.

Grand Total: 23 creatures vanquished

Notes
Turn   | Place    | Note
-------+----------+-------------------------------------------
     0 | D:1      | robertstho the Spriggan Earth Elementalist began the quest
                  | for the Orb.
     0 | D:1      | Reached XP level 1. HP: 9/9 MP: 5/5
    77 | D:1      | Found a faded altar of an unknown god.
   383 | D:1      | Reached XP level 2. HP: 13/13 MP: 4/7
  1507 | D:2      | Learned a level 2 spell: Passwall
  1569 | D:2      | Noticed Natasha
  1961 | D:2      | Reached XP level 3. HP: 9/16 MP: 9/9
  1965 | D:2      | Learned a level 3 spell: Stone Arrow
  2070 | D:2      | Noticed Robin
  2109 | D:2      | Slain by a quokka

Illustrated notes

Levels and vault maps discovered:
D:1:      dpeg_arrival_shrine, layout_basic, chequers_ecumenical_altar_twisty,
          minmay_pentomino_x4
D:2:      minmay_inner_zag, layout_basic, lemuel_old_faithful, uniq_natasha,
          uniq_robin

Skill      XL: |  1  2 |
---------------+-------+-----
Spellcasting   | 3 |  3.5
Earth Magic    | 3 |  3.0
Fighting       | |  0.1
Dodging        | |  2.9
Stealth        | |  3.6
Transmutations | |  1.3

Action                   || total
-------------------------++-------
Melee: Short sword       ||    38
 Cast: Sandblast         ||    30
  Use: Scroll            ||     1
 Stab: Sleeping          ||     1
Armor: Robe              ||    10
Dodge: Dodged            ||    47

Table legend: (Time is in decaauts)
 A = Elapsed time spent in this place.
 B = Non-inter-level travel time spent in this place.
 C = Inter-level travel time spent in this place.
 D = Time resting spent in this place.
 E = Time spent auto-exploring this place.
 F = Levels seen in this place.
 G = Mean time per level.
                   A        B        C        D        E       F      G
               +--------+--------+--------+--------+--------+-----+--------+
         Total |   1644 |   1588 |     56 |    225 |   1099 |   2 |  822.0 |
       Dungeon |   1644 |   1588 |     56 |    225 |   1099 |   2 |  822.0 |
               +--------+--------+--------+--------+--------+-----+--------+

Top non-repeatable levels by time:
     D:1: 983 daAuts
     D:2: 661 daAuts
